 Dungeon Crawl Stone Soup version 0.29-a0-821-g66395355a5 (webtiles) character file.

Game seed: 11867859512527633951

95 ultragoat the Insei (level 4, -2/36 HPs)
             Began as a Draconian Transmuter on July 8, 2022.
             Killed from afar by an orc wizard (6 damage)
             ... with a magic dart
             ... on level 3 of the Dungeon.
             The game lasted 00:11:43 (2551 turns).

ultragoat the Insei (Draconian Transmuter)          Turns: 2551, Time: 00:11:43

Health: -2/36      AC:  5    Str: 13    XL:     4   Next: 40%
Magic:  5/7        EV: 13    Int: 13    God:
Gold:   70         SH:  0    Dex: 19    Spells: 1/7 levels left

rFire   . . .      SeeInvis .     - Unarmed
rCold   . . .      Faith    .   (no shield)
rNeg    . . .      Spirit   .   (body armour unavailable)
rPois   .          Reflect  .   (helmet currently unavailable)
rElec   .          Harm     .   (no cloak)
rCorr   .          Rampage  .   (no gloves)
Will    .....                   (boots currently unavailable)
Stlth   +.........              (no amulet)
HPRegen 0.12/turn               g - +6 ring of dexterity
MPRegen 0.10/turn               (no ring)

@: confused, lethally poisoned (-2 -> -12), appendages (expiring), wereblooded
A: horns 2, talons 2, AC +5, unfitting armour, cold-blooded
a: End Transformation


You were on level 3 of the Dungeon.
You had temporarily grown beastly horns and talons.
You visited 1 branch of the dungeon, and saw 3 of its levels.

You collected 70 gold pieces.

Inventory:

Hand Weapons
 i - a +0 sling
Missiles
 o - 8 poisoned darts
Magical Staves
 m - a staff of poison
Jewellery
 e - an amulet of faith
 g - a +6 ring of dexterity (left hand)
Scrolls
 h - a scroll of fog
 k - a scroll of magic mapping
 l - a scroll of enchant armour
 n - a scroll of amnesia {unknown}
Potions
 a - a potion of lignification
 b - a potion of resistance
 c - a potion of mutation {unknown}
 d - a potion of curing
 f - 3 potions of flight
 j - a potion of haste {unknown}


   Skills:
 - Level 1.7 Fighting
 - Level 0.2 Ranged Weapons
 + Level 2.8 Dodging
 + Level 3.6 Unarmed Combat
 - Level 2.3 Spellcasting
 - Level 2.7 Transmutations
 * Level 0.2 Poison Magic


You had one spell level left.
You knew the following spells:

 Your Spells              Type           Power      Damage    Failure   Level
a - Beastly Appendage     Tmut           16%        N/A       9%          1
b - Wereblood             Tmut           8%         N/A       12%         2
c - Spider Form           Tmut/Pois      5%         N/A       38%         3

Your spell library contained the following spells:

 Spells                   Type           Power      Damage    Failure   Level
 Ice Form                 Ice/Tmut       5%         N/A       80%         4
 Chain Lightning          Conj/Air       0%         2d1       100%        9
 Fire Storm               Conj/Fire      0%         6d1       100%        9
 Shatter                  Erth           0%         3d5*      100%        9


Dungeon Overview and Level Annotations

Branches:
Dungeon (3/15)

Altars:
The Shining One


Innate Abilities, Weirdness & Mutations

You have temporarily grown beastly horns and talons.
Your plain brown scales are hard. (AC +5)
You cannot fit into any form of body armour.
You are cold-blooded and may be slowed by cold attacks.


Message History

You headbutt the orc.
The orc is lightly wounded.
You completely miss the orc.
The orc is lightly wounded.
The orc misses you.
The orc priest hits you but does no damage.
You barely miss the orc. You claw the orc.
The orc is heavily wounded.
The orc hits you with a +0 hand axe.
The orc priest hits you with a +2 vampiric dagger.
You hear some strange, mumbled words.
You are confused.
You hit the orc.
You feel a bit better.
You kill the orc!
You hear some strange, mumbled words.
A puff of flame appears from out of thin air!
The puff of flame hits you.
The orc priest hits you with a +2 vampiric dagger.
Unknown command.
You barely miss the orc priest.
Your transformation is almost over.
You bump into the rock wall.
The orc priest hits you with a +2 vampiric dagger.
Something hits you.
* * * LOW HITPOINT WARNING * * *
You miss something. Your kick misses something.
Something hits you but does no damage. The orc priest barely misses you.
Something hits you.
* * * LOW HITPOINT WARNING * * *
You are lethally poisoned!
You're too confused to move!
* * * LOW HITPOINT WARNING * * *
You feel very sick. Something barely misses you.
The orc priest hits you with a +2 vampiric dagger.
* * * LOW HITPOINT WARNING * * *
You hear some strange, mumbled words.
A magic dart appears from out of thin air!
The magic dart hits you.
You die...

#.# ##.##
######...#######
#..............##
#.####...##.....# #.#
##.###.###.# ##.#
#.....# #.############
...###
#####.###............#
##...##
#.##o@.#########.#
#.....## ###.{).#
.......## ##...###
........####...##
..............##
#.....#....._∩#
##.).##)......#
##.########... #.#
##...


You could see an orc priest.

Vanquished Creatures
  Robin (D:2)
  2 adders (D:2)
  An orc (D:3)
  7 endoplasms
  A giant cockroach (D:2)
  17 goblins
  7 hobgoblins
  4 quokkas
  5 ball pythons
  3 bats
  2 frilled lizards (D:1)
  8 kobolds
  2 rats
60 creatures vanquished.

Notes
Turn   | Place    | Note
-------+----------+-------------------------------------------
     0 | D:1      | ultragoat the Draconian Transmuter began the quest for the
                  | Orb.
     0 | D:1      | Reached XP level 1. HP: 16/16 MP: 3/3
   130 | D:1      | Reached XP level 2. HP: 13/23 MP: 3/5
   268 | D:1      | Learned a level 2 spell: Wereblood
   813 | D:1      | Reached XP level 3. HP: 29/29 MP: 4/6
  1636 | D:2      | Found a glowing golden altar of the Shining One.
  1725 | D:2      | Reached XP level 4. HP: 36/36 MP: 4/7
  1983 | D:2      | Noticed Robin
  1990 | D:2      | Killed Robin
  2034 | D:2      | Learned a level 3 spell: Spider Form
  2512 | D:3      | Found a faded altar of an unknown god.
  2551 | D:3      | Killed from afar by an orc wizard

Illustrated notes

Levels and vault maps discovered:
D:1:      dpeg_arrival_brainrot, layout_loops_corners
D:2:      layout_basic, basic_altar, grunt_ministairs_9, uniq_robin
D:3:      layout_loops_ring, nicolae_overflow_hidden_temple,
          hellmonk_ecumenical_altar_crossroads

Skill      XL: |  1  2 |
---------------+-------+-----
Dodging        | 2 |  2.8
Fighting       | |  1.7
Ranged Weapons | |  0.2
Unarmed Combat | |  3.6
Spellcasting   | |  2.3
Transmutations | |  2.7
Poison Magic   | |  0.2

Action                   |  1- 3 |  4- 6 || total
-------------------------+-------+-------++-------
Melee: Unarmed           |    86 |    39 ||   125
       Kick              |     9 |     5 ||    14
       Headbutt          |     6 |     4 ||    10
       Tailslap          |     7 |     3 ||    10
       Punch             |       |     1 ||     1
 Fire: Sling             |    15 |       ||    15
 Cast: Beastly Appendage |    15 |     5 ||    20
       Wereblood         |     5 |     2 ||     7
  Use: Scroll            |     7 |     2 ||     9
 Stab: Sleeping          |       |     2 ||     2
Armor: Skin              |    28 |    10 ||    38
Dodge: Dodged            |    77 |    18 ||    95

Table legend: (Time is in decaauts)
 A = Elapsed time spent in this place.
 B = Non-inter-level travel time spent in this place.
 C = Inter-level travel time spent in this place.
 D = Time resting spent in this place.
 E = Time spent auto-exploring this place.
 F = Levels seen in this place.
 G = Mean time per level.
                   A        B        C        D        E       F      G
               +--------+--------+--------+--------+--------+-----+--------+
         Total |   2544 |   2450 |     94 |    265 |   1351 |   3 |  848.0 |
       Dungeon |   2544 |   2450 |     94 |    265 |   1351 |   3 |  848.0 |
               +--------+--------+--------+--------+--------+-----+--------+

Top non-repeatable levels by time:
     D:1: 1380 daAuts
     D:2: 1054 daAuts
     D:3: 109 daAuts
